Map: Blackpink LE

Players

Juxtapose - Winner!

  • Race: Zerg Zerg
  • League: Platinum
  • Spawn Location: 1:00

A.I. 1 (Very Hard)

  • Race: Protoss Protoss
  • Spawn Location: 7:00

VOD

https://youtu.be/J-ZbDp1Lh0M

Description

Time

  • Played on: April 25, 2018, 4:37 p.m.
  • Length: 12:45
Show
View Real Time Build Order
Export as new Build Order

Juxtapose Zerg - Winner!

Build Orders: Hatch First 

Get SALT Encoding   

  12  0:01  Drone  
  13  0:13  Overlord  
  13  0:18  Drone  
  14  0:32  Drone x2  
  16  0:53  Drone  
  16  0:54  Hatchery  
  16  0:58  Drone  
  16  1:03  Extractor  
  16  1:14  Spawning Pool  
  15  1:20  Drone  
  15  1:23  Overlord  
  16  1:28  Drone  
  17  1:37  Drone  
  18  1:42  Drone  
  19  1:53  Drone  
  20  2:04  Drone  
  21  2:11  Queen  
  21  2:12  Queen  
  26  2:15  Zergling x2  
  26  2:16  Zergling x2  
  27  2:23  Extractor  
  27  2:25  Zergling x2  
  27  2:26  Zergling x2  
  28  2:37  Drone x2  
  28  2:39  Drone  
  31  2:50  Overlord  
  31  2:51  Drone  
  32  2:58  Drone  
  33  3:08  Metabolic Boost  
  33  3:14  Drone x3  
  36  3:23  Roach Warren  
  35  3:28  Drone x5  
  40  3:45  Spine Crawler  
  40  3:47  Drone  
  40  3:48  Drone  
  41  3:49  Drone  
  41  3:51  Overlord  
  42  3:58  Queen  
  44  4:04  Lair  
  44  4:10  Roach x3  
  44  4:11  Drone  
  44  4:12  Drone  
  52  4:20  Spine Crawler  
  51  4:29  Overlord x2  
  51  4:38  Evolution Chamber  
  50  4:50  Roach  
  50  4:51  Roach x3  
  58  4:53  Roach  
  58  4:57  Hatchery  
  59  5:10  Queen  
  61  5:14  Roach  
  61  5:15  Roach x2, Hydralisk Den  
  61  5:16  Zergling x4  
  61  5:18  Glial Reconstitution  
  68  5:36  Extractor, Queen  
  68  5:37  Overlord, Extractor  
  68  5:38  Overlord  
  68  5:39  Overlord  
  68  6:01  Hydralisk x3  
  68  6:02  Hydralisk x2  
  78  6:07  Grooved Spines  
  78  6:12  Drone x2  
  80  6:23  Overlord  
  80  6:29  Drone x4  
  80  6:30  Drone  
  85  6:49  Overlord x2  
  85  6:50  Zergling x8  
  89  6:58  Overseer x2  
  89  7:01  Drone  
  89  7:02  Drone x2  
  92  7:15  Hydralisk  
  92  7:16  Hydralisk  
  92  7:18  Muscular Augments  
  88  7:41  Hydralisk x5  
  88  7:42  Zergling x4  
  88  7:43  Zergling x2  
  85  7:54  Zergling x2  
  85  7:55  Zergling x12  
  92  8:13  Drone x5  
  97  8:22  Zerg Ground Armor Level 1  
  97  8:24  Pneumatized Carapace  
  97  8:31  Lurker Den  
  97  8:33  Hydralisk x4  
  104  8:35  Zergling x2  
  105  8:43  Ravager  
  105  8:45  Ravager  
  107  8:56  Evolution Chamber  
  107  8:57  Drone  
  107  8:58  Drone x3  
  110  9:04  Drone x6  
  116  9:10  Hydralisk  
  116  9:11  Hydralisk x2  
  120  9:34  Zergling x2  
  116  9:45  Hydralisk x5  
  100  9:46  Hydralisk x3  
  103  10:12  Lurker  
  84  10:19  Zergling x14  
  83  10:23  Hatchery  
  83  10:25  Spine Crawler  
  83  10:28  Spine Crawler  
  65  11:10  Lurker x2  
  65  11:22  Drone x2  
  65  11:23  Extractor  
  63  11:25  Extractor  
  63  11:27  Spawning Pool  
  59  11:58  Overlord x3  
  53  12:22  Drone  
  53  12:23  Drone  
Show
View Real Time Build Order
Export as new Build Order

A.I. 1 (Very Hard) Protoss 

Build Orders: Zealot Archon 

Get SALT Encoding   

  12  0:00  Probe  
  13  0:13  Probe  
  14  0:20  Pylon  
  14  0:25  Probe  
  15  0:34  Probe  
  16  0:43  Probe  
  16  0:47  Assimilator  
  17  0:50  Gateway  
  17  0:51  Probe  
  18  0:59  Probe  
  18  1:01  Pylon  
  19  1:07  Probe  
  20  1:19  Probe  
  21  1:31  Probe  
  22  1:38  Zealot  
  24  1:43  Probe  
  25  1:48  Nexus  
  25  1:59  Cybernetics Core  
  25  2:10  Gateway  
  25  2:17  Pylon  
  25  2:19  Zealot  
  25  2:22  Probe  
  28  2:34  Probe, Assimilator  
  29  2:37  Warp Gate  
  29  2:46  Adept  
  29  2:47  Probe  
  29  2:49  Adept  
  34  2:59  Probe  
  34  3:00  Probe  
  34  3:01  Pylon  
  36  3:12  Sentry  
  36  3:13  Adept  
  40  3:21  Probe  
  40  3:24  Probe  
  42  3:33  Probe  
  43  3:36  Probe, Stalker  
  43  3:40  Robotics Facility  
  46  3:46  Probe  
  46  3:48  Probe, Adept  
  50  3:58  Probe, Adept  
  50  3:59  Probe  
  52  4:06  Pylon  
  52  4:07  Probe  
  54  4:10  Probe  
  54  4:15  Probe  
  56  4:22  Probe  
  58  4:24  Stalker  
  58  4:29  Immortal  
  58  4:30  Probe, Pylon  
  65  4:34  Probe  
  66  4:38  Stalker  
  66  4:42  Probe  
  69  4:46  Probe  
  69  4:48  Robotics Facility  
  70  5:00  Immortal, Probe  
  70  5:01  Probe  
  70  5:02  Stalker  
  74  5:09  Pylon  
  74  5:12  Pylon  
  78  5:26  Assimilator  
  78  5:28  Probe x2, Twilight Council  
  79  5:31  Gateway  
  79  5:32  Assimilator  
  80  5:43  Zealot  
  80  5:46  Pylon  
  80  5:48  Probe  
  80  5:49  Probe  
  84  5:54  Zealot  
  86  6:00  Probe  
  86  6:01  Probe  
  88  6:04  Zealot  
  88  6:06  Templar Archives  
  88  6:08  Pylon  
  90  6:22  Gateway  
  90  6:23  Stalker  
  92  6:27  Stalker  
  92  6:32  Pylon  
  94  6:33  Stalker  
  96  6:40  Stalker  
  98  6:49  Pylon  
  98  6:50  High Templar  
  98  6:54  Forge  
  100  6:56  Sentry  
  100  7:00  Pylon  
  100  7:01  Nexus  
  102  7:03  High Templar  
  104  7:10  Observer  
  105  7:17  High Templar  
  105  7:20  Forge  
  105  7:21  High Templar  
  109  7:25  Gateway  
  109  7:26  Zealot  
  109  7:27  Zealot  
  111  7:32  Photon Cannon  
  111  7:33  Archon  
  105  7:39  Archon  
  105  7:41  High Templar  
  97  7:46  Zealot  
  97  7:49  Zealot  
  95  7:53  Photon Cannon, Adept  
  97  8:00  Photon Cannon  
  97  8:06  High Templar  
  97  8:10  High Templar  
  101  8:13  Probe x3  
  101  8:14  Zealot x2  
  101  8:15  Archon  
  101  8:19  Stalker  
  110  8:20  Assimilator  
  110  8:22  Probe  
  110  8:25  Probe x2  
  110  8:26  Pylon  
  113  8:27  Assimilator  
  113  8:30  High Templar, Probe  
  113  8:33  Zealot  
  118  8:34  Stalker  
  118  8:35  Archon  
  118  8:37  Probe  
  118  8:38  Probe  
  122  8:41  Probe  
  122  8:44  High Templar  
  122  8:47  Photon Cannon  
  125  8:49  Probe, Pylon  
  125  8:50  Probe  
  125  8:53  Probe  
  128  8:55  High Templar  
  128  9:01  Probe  
  128  9:02  Probe  
  132  9:04  High Templar  
  132  9:06  Probe  
  132  9:08  Archon  
  135  9:10  Photon Cannon  
  135  9:13  Probe, Photon Cannon  
  135  9:14  High Templar, Probe  
  135  9:16  Zealot x2  
  143  9:19  Pylon  
  143  9:23  Probe  
  139  9:24  Zealot  
  139  9:25  Probe  
  139  9:30  Zealot  
  138  9:32  Zealot  
  138  9:35  Probe  
  138  9:37  Probe, Zealot  
  138  9:38  Zealot  
  142  9:44  Pylon  
  130  9:46  Zealot  
  130  9:47  High Templar, Probe, Stalker  
  114  9:54  Probe  
  114  9:57  Adept  
  114  9:58  High Templar  
  114  9:59  Probe  
  110  10:06  Sentry, Probe  
  109  10:09  Zealot  
  106  10:15  Probe  
  106  10:16  Probe  
  106  10:19  Zealot  
  101  10:26  Probe  
  94  10:29  Adept, Zealot  
  94  10:30  High Templar  
  94  10:34  Probe  
  96  10:42  Probe  
  65  10:52  High Templar  
  65  10:54  Probe  
  60  11:06  Probe  
  60  11:09  Pylon  
  58  11:19  Probe  
Tags
 
Composition
Zealot Archon
League
Platinum
Matchup
PvZ
Spawn Locations
Cross Positions
Add a new tag
Caveats
  • Supply blocks, unpowered buildings, or Contaminate may cause inaccurate times.
  • Supply counts are checked every 10 seconds.